 Dungeon Crawl Stone Soup version 0.25-a0-294-gea9b1ad378 (webtiles) character file.

Game seed: 11331555447763504618, levelgen mode: classic

404 Borgoz the Cudgeler (level 6, -4/39 HPs)
             Began as a Gargoyle Berserker on Dec 18, 2019.
             Was a Priest of Trog.
             Slain by a gnoll
             ... wielding a +0 whip
              (6 damage)
             ... on level 4 of the Dungeon.
             The game lasted 00:03:14 (3516 turns).

Borgoz the Cudgeler (Gargoyle Berserker)            Turns: 3516, Time: 00:03:14

Health: -4/39      AC:  6    Str: 21    XL:     6   Next: 86%
Magic:  6/6        EV: 13    Int:  7    God:    Trog [***...]
Gold:   142        SH:  0    Dex: 11    Spells: 5/5 levels left

rFire    . . .     SeeInvis .   j - +1 whip (elec)
rCold    . . .     Gourm    .   (no shield)
rNeg     + . .     Faith    .   b - +0 animal skin
rPois    ∞         Spirit   .   (helmet restricted)
rElec    +         Reflect  .   (no cloak)
rCorr    +         Harm     .   (no gloves)
MR       .....                  (no boots)
Stlth    +.........             (no amulet)
HPRegen  0.13/turn              k - ring of resist corrosion
MPRegen  0.10/turn              (no ring)

@: no status effects
A: big wings, beak, negative energy resistance 1, screaming 1, electricity
resistance, unbreathing, petrification resistance, rot immunity, MP-powered
wands, AC +4
a: Fly, Berserk, Trog's Hand, Renounce Religion


You were on level 4 of the Dungeon.
You worshipped Trog.
Trog was most pleased with you.
You were hungry.

You visited 1 branch of the dungeon, and saw 4 of its levels.

You collected 142 gold pieces.

Inventory:

Hand Weapons
 a - a +0 mace
 j - a +1 whip of electrocution (weapon)
Armour
 b - a +0 animal skin (worn)
Jewellery
 k - a ring of resist corrosion (left hand)
Wands
 h - a wand of digging (4)
 r - a wand of polymorph (2)
Scrolls
 g - 4 scrolls of identify {unknown}
 i - 3 scrolls of blinking {unknown}
 l - 7 scrolls of teleportation {unknown}
 m - 4 scrolls of remove curse {unknown}
 o - a scroll of random uselessness {unknown}
 p - 2 scrolls of amnesia {unknown}
Potions
 d - a potion of cancellation {unknown}
 e - a potion of magic {unknown}
 f - a potion of mutation
 n - a potion of might {unknown}
Comestibles
 c - 7 rations
 q - 8 chunks of flesh


   Skills:
 + Level 4.6 Fighting
 * Level 5.2 Maces & Flails
 + Level 3.9 Armour
 + Level 2.9 Dodging


You had 5 spell levels left.
You didn't know any spells.
Your spell library was empty.

Dungeon Overview and Level Annotations

Branches:
Dungeon (4/15)
 Temple: D:4-7

Altars:

Annotations:
D:4 3 runed translucent doors, Error4North's ghost, amateur HOFi; Lanoc's ghost, amateur SpVM; Ouch's ghost, novice FoVM


Innate Abilities, Weirdness & Mutations

You are resistant to torment.
Your stone body is resilient. (AC +4)
You are immune to poison.
You resist negative energy. (rN+)
You are resistant to electric shocks. (rElec)
You can survive without breathing.
You are immune to petrification.
You are immune to rotting.
Your large and strong wings let you fly indefinitely.
You have a beak for a mouth.
You occasionally shout uncontrollably at your foes.
You expend magic power (3 MP) to strengthen your wands.


Message History

The gnoll hits you but does no damage.
Unknown command.
It was a potion of mutation.
You feel extremely strange.
Your wings grow larger and stronger.
You feel your magical essence link to the dungeon's wands.
You feel the urge to shout.
Your mouth lengthens and hardens into a beak!
The gnoll hits you with a +0 whip.
* * * LOW HITPOINT WARNING * * *
The gnoll hits you with a +0 spear.
* * * LOW HITPOINT WARNING * * *
You hit the gnoll but do no damage. The gnoll closely misses you.
The gnoll misses you.
You hit the gnoll. You peck the gnoll.
The gnoll is heavily wounded.
The gnoll misses you. The gnoll barely misses you.
You closely miss the gnoll. You peck the gnoll.
The gnoll is severely wounded.
The gnoll hits you with a +0 whip.
You die...

.......##.........
..###.....÷(.>#
..####.##.)####
#....###.)..####
##.......>.....#
###............##
...#............##
...#.#...........#
#.............##@#
......##.....###gg..#
......##.....#
#.....#
......###....#
.....## ..#..........
....## ............
.#.### .### ..


You could see 2 gnolls.

Vanquished Creatures
  Blork the orc (D:4)
  A hound (D:4)
  3 orc priests
  An orc wizard (D:4)
  A worker ant (D:3)
  2 gnolls (D:4)
  4 adders
  An ooze (D:1)
  2 worms (D:2)
  3 dart slugs
  4 leopard geckos
  15 orcs
  3 giant cockroaches
  6 goblins
  11 hobgoblins
  5 jackals
  A quokka (D:2)
  A ball python (D:2)
  5 bats
  4 frilled lizards
  5 kobolds
  8 rats
87 creatures vanquished.

Notes
Turn   | Place    | Note
-------+----------+-------------------------------------------
     0 | D:1      | Borgoz the Gargoyle Berserker began the quest for the Orb.
     0 | D:1      | Reached XP level 1. HP: 14/14 MP: 1/1
   144 | D:1      | Reached XP level 2. HP: 18/19 MP: 2/2
   637 | D:1      | Reached ** piety under Trog
   637 | D:1      | Reached XP level 3. HP: 23/23 MP: 3/3
  1147 | D:2      | Reached XP level 4. HP: 20/29 MP: 4/4
  1846 | D:3      | Reached skill level 4 in Maces & Flails
  2042 | D:3      | Reached XP level 5. HP: 32/33 MP: 5/5
  2550 | D:3      | Reached *** piety under Trog
  2839 | D:4      | Found a runed translucent gate.
  2839 | D:4      | Found a runed translucent gate.
  2839 | D:4      | Found a runed translucent gate.
  3089 | D:3      | Reached XP level 6. HP: 14/38 MP: 6/6
  3289 | D:4      | Noticed Lanoc's ghost (amateur SpVM)
  3289 | D:4      | Noticed Ouch's ghost (novice FoVM)
  3289 | D:4      | Noticed Error4North's ghost (amateur HOFi)
  3306 | D:4      | Noticed Blork the orc
  3322 | D:4      | Killed Blork the orc
  3322 | D:4      | Reached skill level 5 in Maces & Flails
  3513 | D:4      | Gained mutation: Your large and strong wings let you fly
                  | indefinitely. [potion of mutation]
  3513 | D:4      | Gained mutation: You expend magic power (3 MP) to
                  | strengthen your wands. [potion of mutation]
  3513 | D:4      | Gained mutation: You occasionally shout uncontrollably at
                  | your foes. [potion of mutation]
  3513 | D:4      | Gained mutation: You have a beak for a mouth. [potion of
                  | mutation]
  3516 | D:4      | Slain by a gnoll

Levels and vault maps discovered:
D:1:      lightli_arrival_noodles, layout_basic, minmay_tetromino_o4
D:2:      layout_loops_ring, chequers_serial_rivers_marsh, minmay_fountain_box
D:3:      layout_loops_cross, st_stairs_10, minmay_liquid_box, minivault_25
D:4:      layout_cave_pools, minmay_temple_entry_ruins,
          gammafunk_ghost_cemetery, uniq_crazy_yiuf_cottage, uniq_blork_the_orc,
          uniq_pikel

Skill      XL: |  1  2  3  4  5  6 |
---------------+-------------------+-----
Dodging        | 2 |  2.9
Maces & Flails | 4 5 |  5.2
Armour         | 3 |  3.9
Fighting       | 4 |  4.6

Action                   |  1- 3 |  4- 6 || total
-------------------------+-------+-------++-------
Melee: Mace              |    58 |       ||    58
       Whip              |    49 |   185 ||   234
       Peck              |       |     2 ||     2
  Use: Potion            |       |     1 ||     1
 Stab: Sleeping          |     1 |       ||     1
  Eat: Chunk             |     1 |     7 ||     8
Armor: Animal skin       |    44 |    47 ||    91
Dodge: Dodged            |    86 |   115 ||   201

Table legend:
 A = Non-vault XP
 B = Vault XP
 C = Vault XP percentage of total XP
 D = Non-vault monster count
 E = Vault monster count
 F = Vault count percentage of total count
                 A         B        C        D         E       F
            +---------+---------+-------+---------+---------+-------
      Total |     471 |     107 |  18.5 |      81 |       6 |   6.9
            +---------+---------+-------+---------+---------+-------
        D:1 |      49 |       3 |   5.8 |      24 |       2 |   7.7
        D:2 |      56 |       0 |   0.0 |      21 |       0 |   0.0
        D:3 |     200 |      17 |   7.8 |      27 |       3 |  10.0
        D:4 |     166 |      87 |  34.4 |       9 |       1 |  10.0
            +---------+---------+-------+---------+---------+-------
